 Dungeon Crawl Stone Soup version 0.31-a0-640-g39d97e502b (webtiles) character file.

Game seed: 15184656254190076308

73 qw the Shooter (level 4, 0/28 HPs)
             Began as a Gargoyle Hunter on Aug 27, 2023.
             Slain by an orc wizard
             ... wielding a +0 dagger
              (4 damage)
             ... on level 3 of the Dungeon.
             The game lasted 00:00:36 (1427 turns).

qw the Shooter (Gargoyle Hunter)                    Turns: 1427, Time: 00:00:36

Health: 0/28       AC: 11    Str: 15    XL:     4   Next: 27%
Magic:  4/4        EV: 11    Int:  9    God:
Gold:   155        SH:  0    Dex: 15    Spells: 3/3 levels left

rFire   . . .        Y - +0 orcbow
rCold   . . .        (shield currently unavailable)
rNeg    + . .        e - +0 ring mail
rPois   inf          (no helmet)
rElec   +            (no cloak)
rCorr   .            (no gloves)
SInv    .            f - +2 pair of boots
Will    .....        (no amulet)
Stlth   +            (no ring)
HPRegen 0.24/turn    (no ring)
MPRegen 0.09/turn

%: no passive effects
@: no status effects
A: sickness immunity, AC +3, negative energy resistance 1, electricity
resistance, torment resistance 1, petrification resistance
a: no special abilities


You were on level 3 of the Dungeon.
You visited 1 branch of the dungeon, and saw 3 of its levels.

You collected 155 gold pieces.


Innate Abilities, Weirdness & Mutations

You are immune to sickness and miasma.
Your stone body is resilient. (AC +3)
You are immune to poison.
You resist negative energy. (rN+)
You are resistant to electric shocks. (rElec)
You are resistant to unholy torment.
You are immune to petrification.


   Skills:
 - Level 3.0 Fighting
 + Level 5.1 Ranged Weapons
 - Level 1.4 Armour
 - Level 1.5 Dodging
 - Level 1.1 Stealth


You had 3 spell levels left.
You didn't know any spells.
Your spell library was empty.

Inventory:

Hand Weapons
 Y - a +0 orcbow (weapon)
Armour
 e - a +0 ring mail (worn)
 f - a +2 pair of boots (worn)
Potions
 a - 2 potions of mutation {unknown}

Dungeon Overview and Level Annotations

Branches:
Dungeon (3/15)

Altars:


Message History

The orc throws a boomerang.
The boomerang barely misses you. Something hits you but does no damage.
You shoot an arrow. The arrow barely misses the orc.
You hear some strange, mumbled words.
A puff of flame appears from out of thin air!
The puff of flame hits you!
You shoot an arrow. Something hits you but does no damage.
You hear some strange, mumbled words.
You are confused.
The orc throws a boomerang.
You hear some strange, mumbled words.
You are more confused.
Something hits you but does no damage.
You hear some strange, mumbled words.
Something tries to affect you, but you resist.
You hear some strange, mumbled words.
Something tries to affect you, but you resist.
Something hits you but does no damage.
You hear some strange, mumbled words.
You are more confused.
The orc throws a boomerang.
The boomerang misses you. Something hits you but does no damage.
The orc throws a boomerang.
The boomerang closely misses you. Something hits you but does no damage.
Something hits you but does no damage. Something hits you but does no damage.
You hear some strange, mumbled words.
Something tries to affect you, but you resist.
Something hits you but does no damage. Something hits you but does no damage.
You hear some strange, mumbled words.
A puff of flame appears from out of thin air!
The puff of flame hits you!
The orc throws a boomerang.
The boomerang barely misses you. Something hits you but does no damage.
You feel less confused.
The orc throws a boomerang.
The boomerang closely misses you. Something hits you.
You die...

...... ###### #+# #
#.# .## #.# #######
... #.# (...... #.#
#.# .######
.#'##..##(###
......o{@...######.#
......o##..........#
....... ###..######
....... #.....)..##
....... #......#..#
....o.. #......##%#
....... #......##.##
##o#### #......##|.#
####...###.###


You could see 2 orcs.

Vanquished Creatures
  3 adders
  3 dart slugs
  3 orcs
  A ball python (D:1)
  6 endoplasms
  3 giant cockroaches
  2 goblins
  4 hobgoblins
  A kobold (D:1)
  2 quokkas (D:1)
  2 bats (D:1)
  A frilled lizard (D:2)
  4 rats
35 creatures vanquished.

Notes
Turn   | Place    | Note
-------+----------+-------------------------------------------
     0 | D:1      | qw the Gargoyle Hunter began the quest for the Orb.
     0 | D:1      | Reached XP level 1. HP: 12/12 MP: 1/1
     0 | D:1      | 0 ||| qw: Version: 0.3-a-74-g0d5e918
     0 | D:1      | 0 ||| qw: Game counter: 33
     0 | D:1      | 0 ||| qw: Melee chars always use a shield: true
     0 | D:1      | 0 ||| qw: God list: Okawaru
     0 | D:1      | 0 ||| qw: Allow faded altars: false
     0 | D:1      | 0 ||| qw: Do Orc after clearing Dungeon:15 true
     0 | D:1      | 0 ||| qw: Do second Lair branch before Depths: true
     0 | D:1      | 0 ||| qw: Lair rune preference: random
     0 | D:1      | 0 ||| qw: Goals: Normal
     0 | D:1      | 0 ||| PLANNING D:1-11
   103 | D:1      | Reached XP level 2. HP: 17/17 MP: 2/2
   494 | D:1      | Reached XP level 3. HP: 21/21 MP: 3/3
   506 | D:1      | 506 ||| UPGRADING to +0 pair of boots.
   511 | D:1      | 511 ||| READING scroll labelled XYICEQ SEOBLYISEPN.
   512 | D:1      | 512 ||| READING 3 scrolls labelled OFUUCU FEZ JAL.
   513 | D:1      | 513 ||| READING 2 scrolls of enchant armour.
   513 | D:1      | 513 ||| ENCHANTING +0 pair of boots.
   514 | D:1      | 514 ||| READING scroll of enchant armour.
   514 | D:1      | 514 ||| ENCHANTING +1 pair of boots.
   515 | D:1      | 515 ||| DROPPING scroll of butterflies.
   553 | D:2      | Found a faded altar of an unknown god.
   574 | D:2      | Reached skill level 5 in Ranged Weapons
   594 | D:2      | 594 ||| SWAPPING to +0 orcbow.
   595 | D:2      | 595 ||| DROPPING +0 shortbow.
  1155 | D:2      | 1155 ||| UPGRADING to +0 ring mail.
  1165 | D:2      | 1165 ||| DROPPING +0 leather armour.
  1166 | D:2      | 1166 ||| READING scroll labelled RARIDGH FIGI.
  1167 | D:2      | 1167 ||| READING scroll labelled HIBISK KEDGH.
  1171 | D:2      | 1171 ||| DRINKING 2 cyan potions.
  1177 | D:2      | 1177 ||| DROPPING potion of ambrosia.
  1199 | D:3      | 1199 ||| STAIRDANCE
  1287 | D:3      | Reached skill level 1 in Armour
  1287 | D:3      | Reached XP level 4. HP: 25/27 MP: 4/4
  1391 | D:3      | Reached skill level 3 in Fighting
  1399 | D:3      | 1399 ||| Stepping ~*~*~tactically~*~*~ (retreating).
  1425 | D:3      | HP: 3/28 [something/puff of flame (10)]
  1427 | D:3      | Slain by an orc wizard

Levels and vault maps discovered:
D:1:      dpeg_arrival_arbitrary_c, layout_basic
D:2:      layout_loops_ring, hellmonk_ecumenical_altar_pennies_from_heaven,
          nrook_loot_triangle
D:3:      layout_basic, uniq_robin

Skill      XL: |  1  2  3  4 |
---------------+-------------+-----
Ranged Weapons | 5 |  5.1
Armour         | 1 |  1.4
Fighting       | 3 |  3.0
Dodging        | |  1.5
Stealth        | |  1.1

Action                     |  1- 3 |  4- 6 || total
---------------------------+-------+-------++-------
   Fire: Shortbow          |    75 |       ||    75
         Orcbow            |    28 |    30 ||    58
    Use: Scroll            |     6 |       ||     6
         Potion            |     1 |       ||     1
 Armour: Leather armour    |     9 |       ||     9
         Ring mail         |     3 |    17 ||    20
  Dodge: Dodged            |    22 |    20 ||    42

Table legend:
 A = Non-vault XP
 B = Vault XP
 C = Vault XP percentage of total XP
 D = Non-vault monster count
 E = Vault monster count
 F = Vault count percentage of total count
                 A         B        C        D         E       F
            +---------+---------+-------+---------+---------+-------
      Total |     105 |       0 |   0.0 |      35 |       0 |   0.0
            +---------+---------+-------+---------+---------+-------
        D:1 |      36 |       0 |   0.0 |      19 |       0 |   0.0
        D:2 |      26 |       0 |   0.0 |       7 |       0 |   0.0
        D:3 |      43 |       0 |   0.0 |       9 |       0 |   0.0
            +---------+---------+-------+---------+---------+-------
